Unix NetHack Version 5.0.0-0 post-release - last build Jun 10 2026 00:39:30 (3ee93aec679c4c4259841fe613dc97188e26a321,branch:main).

Game began 2026-07-07 23:46:50, ended 2026-07-07 23:55:40.

DaveT, lawful male human Priest

  -----------
  |.<...`....
  |.........|
  |..`......|
  ---+----|--
          #
       ####
       #
       #
      ##
   ---|---
   |.d@..|
   |{....+
   |>%.[.|
   |..[...
   -------

DaveT the Acolyte            St:11 Dx:11 Co:17 In:11 Wi:17 Ch:10  Lawful
Dlvl:4  $:185 HP:0(27) Pw:31(31) AC:6  Xp:3 T:1332  Satiated

Latest messages:
 You finish eating the pancake.
 What do you want to eat? [efijB or ?*] j
 This satiates your stomach!
 You finish eating the food ration.
 You can see again.
 You see here a large kobold corpse.
 You miss the dwarf zombie.
 The dwarf zombie hits!
 You hit the dwarf zombie!
 You destroy the dwarf zombie!
 There is an open door here.
 You see here a dwarf corpse.
 The orc zombie hits!
 You hit the orc zombie!
 The kobold zombie misses!
 You destroy the orc zombie!
 You destroy the kobold zombie!
 You see here a locked chest.
 You climb up the stairs.
 You descend the stairs.
 There is an open door here.
 You see here a dwarf corpse.
 The newt misses!
 You kill the newt!
 You see here a large kobold corpse.
 You hear the splashing of a naiad.
 The door opens.
 You descend the stairs.
 You remember this level as vault door in <.
 There's some graffiti on the floor here.
 You read: "Floating eyc? can'? ?t?nd ?a?ai?an shirt?."
 That door is closed.
 The door resists!
 The door opens.
 The little dog bites!
 The little dog bites!
 The little dog bites!
 You miss the little dog.
 The little dog misses!
 The little dog bites!
 You hit the little dog!
 The little dog just misses!
 The little dog bites!
 Are you sure you want to pray? [yn] (n) y
 You begin praying to Tyr.
 The little dog bites!
 The little dog bites!
 You die...
 Do you want your possessions identified? [ynq] (y) y
 Do you want to see your attributes? [ynq] (y) q

Inventory:
 Coins    ('$')
  $ - 185 gold pieces
 Weapons  (')')
  G - 7 blessed +0 darts (at the ready)
  C - a +0 flail
  a - a blessed +1 mace (weapon in right hand)
 Armor    ('[')
  k - a +0 pair of gauntlets of dexterity (being worn)
  c - a blessed +0 small shield (being worn)
  b - a +0 robe (being worn)
  u - a +0 scale mail
 Comestibles  ('%')
  e - a clove of garlic
  B - 2 food rations
  f - a sprig of wolfsbane
  i - 2 lichen corpses
 Scrolls  ('?')
  z - a cursed scroll of identify
 Potions  ('!')
  d - 3 potions of holy water
 Rings    ('=')
  K - a cursed ring of hunger
 Wands    ('/')
  D - a wand of secret door detection (0:10)
 Tools    ('(')
  H - a tin whistle

DaveT the Priest's attributes:

Background:
 You were an Acolyte, a level 3 human Priest.
 You were lawful, on a mission for Tyr
 who was opposed by Odin (neutral) and Loki (chaotic).
 You were right-handed.
 You were in the Dungeons of Doom, on level 4.
 You entered the dungeon 1332 turns ago.
 It was nighttime.
 You had 55 experience points, 25 more were needed to attain level 4.

Basics:
 You had 0 out of 27 hit points.
 You had all 31 energy points (spell power).
 Your armor class was 6.
 Your wallet contained 185 zorkmids.
 Autopickup was off.

Final Characteristics:
 Your strength was 11 (limit:18/100).
 Your dexterity was 11 (limit:18).
 Your constitution was 17 (limit:18).
 Your intelligence was 11 (limit:18).
 Your wisdom was 17 (limit:18).
 Your charisma was 10 (limit:18).

Final Status:
 You were satiated.
 You were unencumbered.
 You were wielding a mace.
 You had basic skill with mace.

Final Attributes:
 You were devoutly aligned.
 You were guarded.
 Your spell casting was enhanced by wearing a robe.
 You are dead.

Miscellaneous:
 You didn't encounter any bones levels.
 Total elapsed playing time was 8 minutes and 49 seconds.

Major events:
 Turn
    1: DaveT the lawful human Priest entered the dungeon
 1160: attained the rank of Acolyte (level 3)
 1332: killed by a little dog, while praying

Spells:
 Name                 Level Category     Fail Retention
 protection             1   clerical       0%  91%-100%
 remove curse           3   clerical       0%  91%-100%

Skills:
 Fighting Skills
   bare handed combat [Unskilled]
 Weapon Skills
   club               [Unskilled]
   mace               [Basic]
   morning star       [Unskilled]
   flail              [Unskilled]
   hammer             [Unskilled]
   quarterstaff       [Unskilled]
   polearms           [Unskilled]
   spear              [Unskilled]
   trident            [Unskilled]
   lance              [Unskilled]
   bow                [Unskilled]
   sling              [Unskilled]
   crossbow           [Unskilled]
   dart               [Unskilled]
   shuriken           [Unskilled]
   boomerang          [Unskilled]
   unicorn horn       [Unskilled]
 Spellcasting Skills
   healing spells     [Unskilled]
   divination spells  [Unskilled]
   clerical spells    [Basic]

Voluntary challenges:
 Character rerolling was not enabled.
 You never genocided any monsters.
 You never polymorphed an object.
 You never changed form.
 You used no wishes.
Achievements:
 You entered a shop.
 You attained the rank of Acolyte.

 The Dungeons of Doom: levels 1 to 4
    Level 1:
       A fountain, a sink.
    Level 2:
       A general store.
    Level 3:
       A fountain, a grave.
    Level 4: "vault door in <" <- You were here.
       A fountain.
       Final resting place for
          you, killed by a little dog, while praying.


Vanquished creatures:
  3 orc zombies
  2 dwarf zombies
  a gas spore
  2 large kobolds
  3 gnome zombies
  2 jackals
  2 grid bugs
  4 lichens
  5 kobold zombies
  3 newts
27 creatures vanquished.

No species were genocided or became extinct.

Game over:
                       ----------
                      /          \
                     /    REST    \
                    /      IN      \
                   /     PEACE      \
                  /                  \
                  |      DaveT       |
                  |      185 Au      |
                  |   killed by a    |
                  |    little dog    |
                  |                  |
                  |                  |
                  |       2026       |
                 *|     *  *  *      | *
        _________)/\\_//(\/(/\)/\//\/|_)_______

Goodbye DaveT the Priest...

You died in The Dungeons of Doom on dungeon level 4 with 577 points,
and 185 pieces of gold, after 1332 moves.
You were level 3 with a maximum of 27 hit points when you died.

